 Dungeon Crawl Stone Soup version 0.20-a0-443-g0464b71 (webtiles) character file.

21861 Goblin1989 the Basher (level 12, -1/76 HPs)
             Began as a Barachian Fighter on Jan 7, 2017.
             Was a Priest of Hepliaklqana.
             Slain by a six-headed hydra (4 damage)
             ... on level 1 of the Lair of Beasts.
             The game lasted 00:45:23 (13793 turns).

Goblin1989 the Basher (Barachian Fighter)          Turns: 13793, Time: 00:45:24

Health: -1/76      AC: 14    Str: 17    XL:     12   Next: 94%
Magic:  0/17       EV:  5    Int: 11    God:    Hepliaklqana [***...]
Gold:   508        SH: 11    Dex: 10    Spells: 11/11 levels left

rFire  . . .     SeeInvis .     b - +1 flail (venom)
rCold  + . .     Gourm    .     G - +0 plate armour
rNeg   . . .     Faith    .     c - +0 shield
rPois  .         Spirit   +     (no helmet)
rElec  .         Reflect  .     (no cloak)
rCorr  .         Harm     .     l - +2 pair of gloves
MR     .....                    e - +0 pair of boots
Stlth  ..........               k - amulet of guardian spirit
                                (no ring)
                                (no ring)

@: lethally poisoned (-1 -> -3), can't hop, slow
A: swims, reduced essence, clever 2, cold resistance 1, deformed body, frail 1,
slowness 1, weak 1, strong legs 1
a: Hop, Recall Ancestor, Ancestor Identity, Transference, Renounce Religion


You were on level 1 of the Lair of Beasts.
You worshipped Hepliaklqana.
Hepliaklqana was most pleased with you.
You were hungry.

You visited 2 branches of the dungeon, and saw 14 of its levels.
You also visited: Volcano.

You collected 697 gold pieces.
You spent 189 gold pieces at shops.

Inventory:

Hand Weapons
 a - a +1 whip of electrocution
 b - a +1 flail of venom (weapon)
 w - a +3 hand crossbow of flaming
 B - a +1 mace of holy wrath
Missiles
 n - 3 curare-tipped needles
 t - 3 poisoned javelins (quivered)
 x - 31 bolts
 Z - 4 throwing nets {=f, !d}
Armour
 c - a +0 shield (worn)
 e - a +0 pair of boots (worn)
 l - a +2 pair of gloves (worn)
 G - a +0 plate armour (worn)
Jewellery
 k - an amulet of guardian spirit (around neck)
Wands
 d - a wand of flame (23/48)
 D - a wand of digging (21/24)
 L - a wand of lightning (3/15)
Scrolls
 o - a scroll of remove curse {@r2}
 p - 5 scrolls of recharging
 r - a scroll of fog
 y - a scroll of vulnerability {unknown}
 M - a scroll of magic mapping
 T - 2 scrolls of teleportation {!r, @r4}
Potions
 g - a potion of agility
 h - 3 potions of curing {@q1}
 j - 2 potions of ambrosia
 m - 2 potions of degeneration {unknown}
 q - 2 potions of haste {!q, @q3}
 s - 2 potions of lignification {!q}
 u - a potion of cure mutation {unknown}
 A - 2 potions of flight
 F - a potion of brilliance {unknown}
Miscellaneous
 E - a lamp of fire
Comestibles
 f - 7 bread rations {@e1}
 i - 7 royal jellies
 v - 9 fruits
 z - 2 meat rations {@e2}
 C - 9 chunks of flesh {@w0}


   Skills:
 + Level 9.5 Fighting
 * Level 12.6 Maces & Flails
 + Level 9.9 Armour
 + Level 11.0 Shields
 - Level 7.1 Invocations


You had 11 spell levels left.
You didn't know any spells.

Dungeon Overview and Level Annotations

Branches:
Dungeon (11/15)            Temple (0/1) D:7            Lair (3/6) D:8
    Orc (0/2) D:9
  Swamp: Lair:2-4    Shoals: Lair:2-4     Snake: Lair:2-4    Spider: Lair:2-4

Altars:
Elyvilon
Fedhas
Hepliaklqana
Qazlal
Ru
Yredelemnul

Shops:
D:5 [

Annotations:
D:9 ThermosAquaticus's ghost, novice BaIE
D:10 4 runed doors


Innate Abilities, Weirdness & Mutations

You can swim through water.
You cover ground slowly.
You can hop short distances.
Your life essence is reduced. (-10% HP)
Your mind is very acute. (Int +4)
Your flesh is cold resistant. (rC+)
Armour fits poorly on your strangely shaped body.
You are frail. (-10% HP)
You are weak. (Str -2)


Message History

There is a stone staircase leading down here.
You take 7 damage, and have 29/76 hp.
You now have 13/17 mp.
You feel sick. The six-headed hydra barely misses you.
You block the six-headed hydra's attack. x2
The six-headed hydra closely misses you.
You block the six-headed hydra's attack.
The six-headed hydra bites you.
* * * LOW HITPOINT WARNING * * *
You take 2 damage, and have 27/76 hp.
You now have 12/17 mp.
Mettia is recalled.
You feel sick. The six-headed hydra bites you!
* * * LOW HITPOINT WARNING * * *
The six-headed hydra bites you.
* * * LOW HITPOINT WARNING * * *
The six-headed hydra bites you!
* * * LOW HITPOINT WARNING * * *
The six-headed hydra bites you!
* * * LOW HITPOINT WARNING * * *
The six-headed hydra bites you.
You die...

.....................██P█...███
......................█.......█
.........█..........██.....████
.........................███
)....█...................██████
.....██P.................██.█.█
.............................██
...............R)...........██
................@...........█
................D........████
...........█............███
....................█.....██
....................██.....██
.....).......█......█...██..██
........................███..█
.........................█████
..................████...█


You could see the friendly Mettia the battlemage and a six-headed hydra.

Vanquished Creatures
  A hydra (Lair:1)
  A death yak (D:10)
  A two-headed ogre (D:10)
  Pikel (D:6)
  A torpor snail (Lair:2)
  2 komodo dragons
  The ghost of Vajrapani the Poker, a novice BaFi of Hepliaklqana (D:4)
  A queen bee (D:9)
  4 hippogriffs
  A blink frog (Lair:2)
  Grinder (D:3)
  4 dream sheep
  Sigmund (D:2)
  Eustachio (D:5)
  19 yaks
  A hungry ghost (D:10)
  A basilisk (Lair:2)
  2 water moccasins (Lair:1)
  3 porcupines (Lair:1)
  A black bear (D:9)
  2 sky beasts
  An ice beast (D:5)
  A slave (D:6)
  2 centaurs
  2 crocodiles (Lair:1)
  6 bullfrogs
  A gnoll sergeant (D:7)
  4 scorpions
  A water moccasin skeleton (D:4)
  13 killer bees
  A howler monkey (D:9)
  5 wights
  3 crimson imps
  A bullfrog zombie (D:8)
  A gnoll shaman (D:4)
  A jelly (D:6)
  An orc priest (D:7)
  2 hounds (D:6)
  6 orc wizards
  3 iguanas
  2 worker ants
  A hound skeleton (D:4)
  2 howler monkey zombies
  A howler monkey skeleton (D:4)
  5 gnolls
  11 adders
  3 shadow imps
  2 oozes
  An adder skeleton (D:4)
  A worm (D:4)
  2 dart slugs (D:1)
  6 leopard geckos
  22 orcs
  9 giant cockroaches
  11 goblins
  7 hobgoblins
  6 jackals
  14 kobolds
  3 quokkas
  6 bats
  9 frilled lizards
  2 leopard gecko zombies
  A quokka skeleton (D:4)
  8 rats
240 creatures vanquished.

Vanquished Creatures (collateral kills)
  A hydra (Lair:1)
  Sonja (Lair:2)
  A black mamba (Lair:2)
  A molten gargoyle (Volcano)
  3 spiny frogs (Lair:2)
  A centaur skeleton (D:10)
  An efreet (Volcano)
  3 blink frogs (Lair:2)
  3 hippogriffs
  5 dream sheep
  9 yaks
  2 fire elementals (Volcano)
  A vampire (D:10)
  2 basilisks (Lair:2)
  2 hungry ghosts (D:10)
  A soldier ant (D:10)
  2 water moccasins
  3 porcupines (Lair:1)
  A sky beast (D:8)
  2 ogres
  A crocodile (Lair:1)
  2 bullfrogs (Lair:2)
  An earth elemental (Volcano)
  7 killer bees
  A wight (D:6)
  2 electric eels
  A jelly (D:8)
  A bullfrog zombie (D:7)
  2 crimson imps
  4 orc wizards
  An orc priest (D:5)
  An iguana (D:5)
  2 worker ants
  A hound skeleton (D:8)
  4 gnolls
  An adder (D:5)
  3 shadow imps
  An adder skeleton (D:10)
  6 orcs
  A leopard gecko zombie (D:6)
  A fire vortex (Volcano)
89 creatures vanquished.

Vanquished Creatures (others)
  A slave (D:6)
  10 battlemagi
  A fire vortex (Volcano)
12 creatures vanquished.

Grand Total: 341 creatures vanquished

Notes
Turn   | Place    | Note
-------+----------+-------------------------------------------
     0 | D:1      | Goblin1989 the Barachian Fighter began the quest for the Orb.
     0 | D:1      | Reached XP level 1. HP: 18/18 MP: 1/1
   171 | D:1      | Reached XP level 2. HP: 12/24 MP: 2/2
   423 | D:1      | Reached skill level 3 in Maces & Flails
   883 | D:1      | Reached XP level 3. HP: 29/29 MP: 3/3
  1330 | D:2      | Found a stormy altar of Qazlal.
  1425 | D:2      | Reached skill level 4 in Maces & Flails
  1574 | D:2      | Noticed Sigmund
  1592 | D:2      | Killed Sigmund
  1592 | D:2      | Reached skill level 5 in Maces & Flails
  1592 | D:2      | Reached XP level 4. HP: 22/35 MP: 4/4
  1592 | D:2      | Reached XP level 5. HP: 25/41 MP: 5/5
  1788 | D:2      | Reached skill level 6 in Maces & Flails
  1841 | D:2      | Reached XP level 6. HP: 40/47 MP: 6/6
  1979 | D:3      | Found a hazy altar of Hepliaklqana.
  1984 | D:3      | Noticed Grinder
  2014 | D:3      | Gained mutation: You are weak. (Str -2) [potion of mutation]
  2014 | D:3      | Gained mutation: You are frail. (-10% HP) [potion of mutation]
  2014 | D:3      | Gained mutation: Your mind is acute. (Int +2) [potion of mutation]
  2024 | D:3      | Paralysed by Grinder for 7 turns
  2035 | D:3      | Paralysed by Grinder for 2 turns
  2039 | D:3      | Paralysed by Grinder for 3 turns
  2062 | D:3      | Killed Grinder
  2062 | D:3      | Reached skill level 7 in Maces & Flails
  2062 | D:3      | Reached XP level 7. HP: 45/46 MP: 7/7
  2095 | D:3      | Became a worshipper of Hepliaklqana the Forgotten
  2413 | D:3      | Reached skill level 8 in Maces & Flails
  2631 | D:4      | Noticed Vajrapani's ghost (novice BaFi)
  3576 | D:4      | Killed Vajrapani's ghost
  3576 | D:4      | Reached skill level 9 in Maces & Flails
  3576 | D:4      | Reached XP level 8. HP: 18/46 MP: 5/8
  4127 | D:4      | Reached skill level 10 in Maces & Flails
  4571 | D:5      | Entered Level 5 of the Dungeon
  4584 | D:5      | Found Buprarph's Antique Armour Shoppe.
  4628 | D:5      | Reached * piety under Hepliaklqana
  4912 | D:5      | Found a blossoming altar of Fedhas.
  5355 | D:5      | Noticed Eustachio
  5370 | D:5      | Killed Eustachio
  5370 | D:5      | Reached XP level 9. HP: 43/52 MP: 7/9
  5792 | D:5      | Bought a pair of runed gloves for 189 gold pieces
  5868 | D:6      | Reached ** piety under Hepliaklqana
  5869 | D:6      | Remembered your ancestor Mettia as a battlemage
  5885 | D:6      | Got an encrusted short sword
  6125 | D:6      | Reached skill level 11 in Maces & Flails
  6172 | D:6      | Found a sacrificial altar of Ru.
  6278 | D:6      | Noticed Pikel
  6291 | D:6      | Killed Pikel
  6291 | D:6      | Reached skill level 5 in Fighting
  6291 | D:6      | Reached skill level 5 in Armour
  6582 | D:7      | Found a staircase to the Ecumenical Temple.
  6587 | D:7      | Reached skill level 5 in Shields
  6647 | D:7      | Found a white marble altar of Elyvilon.
  7326 | D:8      | Reached XP level 10. HP: 59/59 MP: 10/10
  7336 | D:8      | Found a staircase to the Lair.
  7361 | D:8      | Found a basalt altar of Yredelemnul.
  7368 | D:8      | Reached *** piety under Hepliaklqana
  7765 | D:8      | Got a transparent buckler
  7776 | D:8      | Identified the cursed +0 buckler "Anay" {rC+ Int+9} (You found it on level 8 of the Dungeon)
  8365 | D:9      | Reached skill level 12 in Maces & Flails
  8424 | D:9      | Found a staircase to the Orcish Mines.
  8603 | D:9      | Reached skill level 1 in Invocations
  8760 | D:9      | Noticed ThermosAquaticus's ghost (novice BaIE)
  8785 | D:10     | Entered Level 10 of the Dungeon
  8909 | D:10     | Gained mutation: Your mind is very acute. (Int +4) [mutagenic meat]
  8910 | D:10     | Gained mutation: Your flesh is cold resistant. (rC+) [mutagenic meat]
  8911 | D:10     | Gained mutation: Armour fits poorly on your strangely shaped body. [mutagenic meat]
  8946 | D:10     | Reached **** piety under Hepliaklqana
  8999 | D:10     | Found a large runed door.
  8999 | D:10     | Found a large runed door.
  9014 | D:10     | Found a large runed door.
  9014 | D:10     | Found a large runed door.
  9169 | D:10     | Noticed a death yak
  9473 | D:10     | Killed a death yak
  9473 | D:10     | Reached XP level 11. HP: 66/67 MP: 6/13
 10190 | D:10     | Noticed a two-headed ogre
 10233 | D:10     | Killed a two-headed ogre
 10723 | D:11     | Noticed a tengu warrior
 10723 | D:11     | Noticed a tengu warrior
 10782 | Lair:1   | Entered Level 1 of the Lair of Beasts
 10785 | Lair:1   | Noticed a five-headed hydra
 10791 | Lair:1   | Killed a five-headed hydra
 10791 | Lair:1   | Reached skill level 5 in Invocations
 11630 | Lair:1   | Noticed a four-headed hydra
 11637 | Lair:1   | Killed a four-headed hydra
 11637 | Lair:1   | Reached XP level 12. HP: 66/75 MP: 9/16
 11926 | Lair:1   | Reached skill level 10 in Shields
 12059 | Lair:2   | Found a dark tunnel.
 12066 | Volcano  | Entered a volcano
 12582 | Lair:2   | Noticed Sonja
 12797 | Lair:2   | Killed Sonja
 12954 | Lair:2   | Noticed a six-headed hydra
 13793 | Lair:1   | HP: 3/76 [six-headed hydra (6)]
 13793 | Lair:1   | Slain by a six-headed hydra

Vault maps used:
D:1:      tarquinn_simple_flora_water_b
D:2:      kennysheep_the_goblin_king, nicolae_qazlal_eye_of_the_storm,
          uniq_sigmund
D:3:      overflow_temple_1_default, first_bread, uniq_grinder
D:5:      serial_shops, shop, fedhas_altar_1, uniq_eustachio
D:6:      nicolae_ru_awakened_eye, uniq_prince_ribbit1, uniq_pikel
D:7:      elyvilon_altar_4
D:8:      lemuel_doored_altar, lair_entry_dummy
D:9:      orc_0_dummy, basic_altar, david_nohive_1
D:10:     argonaut_augean_stables, minmay_hollow_rounded_squares
D:11:     basic_altar
Lair:2:   enter_volcano_1, cheibrodos_lair_reptile_den, grunt_megastairs_1,
          lemuel_fruit_fields, infiniplex_staircase_pool, uniq_sonja
Lair:3:   minmay_snake_entry_six_corridors
Volcano:  volcano_aerie

Skill      XL: |  1  2  3  4  5  6  7  8  9 10 11 12 |
---------------+-------------------------------------+-----
Maces & Flails | 3 5 6 7 9 10 11 12 | 12.6
Armour         | 4 5 7 8 9 |  9.9
Fighting       | 4 5 7 8 9 |  9.5
Shields        | 4 5 7 9 11 | 11.0
Invocations    | 3 6 7 |  7.1

Action                   |  1- 3 |  4- 6 |  7- 9 | 10-12 || total
-------------------------+-------+-------+-------+-------++-------
Melee: Flail             |   124 |    96 |   346 |   107 ||   673
       Mace              |       |       |    15 |       ||    15
       Whip              |       |       |    74 |   808 ||   882
Invok: Recall Ancestor   |       |       |     1 |     4 ||     5
       Ancestor Life: Ba |       |       |     1 |       ||     1
       Idealise          |       |       |       |     5 ||     5
       Ancestor Identity |       |       |       |     1 ||     1
 Abil: Hop               |       |       |     2 |     8 ||    10
Evoke: Wand              |       |       |       |     6 ||     6
  Use: Potion            |     2 |     3 |     4 |    13 ||    22
       Scroll            |       |       |       |    11 ||    11
 Stab: Invisible         |     1 |       |     5 |    11 ||    17
       Distracted        |       |       |     4 |     4 ||     8
  Eat: Chunk             |     3 |     2 |    18 |    26 ||    49
       Fruit             |       |       |     5 |       ||     5
       Pizza             |       |       |     1 |       ||     1
       Beef jerky        |       |       |       |     1 ||     1
Armor: Scale mail        |    69 |    39 |   123 |       ||   231
       Skin              |       |     7 |       |    62 ||    69
       Plate armour      |       |       |     4 |   254 ||   258
Dodge: Dodged            |    32 |    32 |    89 |    83 ||   236
Block: Shield            |    65 |    46 |   153 |   349 ||   613

Vault maps used:
D:1:      tarquinn_simple_flora_water_b
D:2:      kennysheep_the_goblin_king, nicolae_qazlal_eye_of_the_storm,
          uniq_sigmund
D:3:      overflow_temple_1_default, first_bread, uniq_grinder
D:5:      serial_shops, shop, fedhas_altar_1, uniq_eustachio
D:6:      nicolae_ru_awakened_eye, uniq_prince_ribbit1, uniq_pikel
D:7:      elyvilon_altar_4
D:8:      lemuel_doored_altar, lair_entry_dummy
D:9:      orc_0_dummy, basic_altar, david_nohive_1
D:10:     argonaut_augean_stables, minmay_hollow_rounded_squares
D:11:     basic_altar
Lair:2:   enter_volcano_1, cheibrodos_lair_reptile_den, grunt_megastairs_1,
          lemuel_fruit_fields, infiniplex_staircase_pool, uniq_sonja
Lair:3:   minmay_snake_entry_six_corridors
Volcano:  volcano_aerie
